 Dungeon Crawl Stone Soup version 0.30-a0-630-g881e3bac89 (webtiles) character file.

Game seed: 761799297966649290

5837 Caratheodory the Grappler (level 10, -2/73 HPs)
             Began as an Octopode Cinder Acolyte on Jan 13, 2023.
             Was a Priest of Ignis.
             Slain by Grum
             ... wielding a -2 spear
              (16 damage)
             ... on level 9 of the Dungeon.
             The game lasted 00:30:22 (9842 turns).

Caratheodory the Grappler (Octopode Cinder Acolyte) Turns: 9842, Time: 00:30:23

Health: -2/73      AC:  8    Str: 15    XL:     10   Next: 80%
Magic:  11/14      EV: 14    Int: 26    God:    Ignis [***...]
Gold:   344        SH:  0    Dex:  7    Spells: 10/15 levels left

rFire   + + .      SeeInvis .      - Unarmed
rCold   . . .      Faith    .    (no shield)
rNeg    . . .      Spirit   .    (helmet restricted)
rPois   +          Reflect  .    D - amulet of regeneration
rElec   .          Harm     .    i - +6 ring of intelligence
rCorr   .          Rampage  .    B - ring of poison resistance
Will    .....                    C - ring of protection from fire
Stlth   ++                       (no ring)
HPRegen 1.12/turn                (no ring)
MPRegen 0.14/turn                (no ring)
                                 (no ring)
                                 (no ring)

@: fiery-armoured
A: almost no armour, amphibious, 8 rings, camouflage 1, gelatinous body 1,
(nimble swimmer 1), tentacles
a: Renounce Religion, Fiery Armour, Foxfire Swarm


You were on level 9 of the Dungeon.
You worshipped Ignis.
Ignis was most pleased with you.
You visited 2 branches of the dungeon, and saw 10 of its levels.

You collected 344 gold pieces.

Inventory:

Missiles
 v - a throwing net
 y - 16 poisoned darts (quivered)
Jewellery
 i - a +6 ring of intelligence (left tentacle)
 u - a ring of ice
 x - an amulet of the acrobat
 B - a ring of poison resistance (right tentacle)
 C - a ring of protection from fire (on tentacle)
 D - an amulet of regeneration (around mantle)
Wands
 p - a wand of flame (38)
Scrolls
 a - 2 scrolls of silence
 e - 2 scrolls of fog
 f - 2 scrolls of teleportation
 h - a scroll of poison
 j - a scroll of enchant weapon {unknown}
 n - a scroll of vulnerability {unknown}
 s - 2 scrolls of noise {unknown}
 t - 2 scrolls of summoning
 w - a scroll of amnesia {unknown}
Potions
 b - 2 potions of magic
 c - 4 potions of attraction
 d - a potion of berserk rage {unknown}
 g - a potion of cancellation {unknown}
 k - a potion of brilliance {unknown}
 l - 2 potions of haste
 m - 4 potions of curing
 o - 4 potions of flight
 q - 2 potions of might
 z - 2 potions of mutation
 A - a potion of degeneration {unknown}
 E - a potion of heal wounds {unknown}


   Skills:
 + Level 8.4 Fighting
 + Level 7.7 Dodging
 + Level 8.4 Unarmed Combat
 - Level 3.0 Spellcasting
 - Level 0.1 Transmutations
 - Level 3.0 Fire Magic
 + Level 7.6 Air Magic


You had 10 spell levels left.
You knew the following spells:

 Your Spells              Type           Power      Damage    Failure   Level
a - Scorch                Fire           38%        2d7       4%          2
b - Vhi's Electric Charg  Tloc/Air       46%        N/A       6%          3

Your spell library contained the following spells:

 Spells                   Type           Power      Damage    Failure   Level
 Foxfire                  Conj/Fire      44%        2x1d6     4%          1
 Ensorcelled Hibernation  Hex/Ice        6%         N/A       14%         2
 Dazzling Flash           Conj/Hex       6%         N/A       28%         3
 Gell's Gravitas          Tloc           3%         N/A       28%         3
 Ozocubu's Armour         Ice            3%         N/A       28%         3
 Spider Form              Tmut/Pois      4%         N/A       28%         3
 Teleport Other           Tloc           3%         N/A       28%         3
 Arcjolt                  Conj/Air       11%        1d21      47%         5
 Silence                  Hex/Air        11%        N/A       47%         5
 Anguish                  Hex/Necr       1%         N/A       67%         4
 Fireball                 Conj/Fire      5%         3d5       80%         5
 Agony                    Necr           3%         N/A       95%         5
 Dispersal                Tloc           1%         N/A       100%        6
 Starburst                Conj/Fire      5%         6d4       100%        6
 Ozocubu's Refrigeration  Ice            1%         4d7       100%        7
 Maxwell's Capacitive Co  Air            21%        ∞         100%        8


Dungeon Overview and Level Annotations

Branches:
Dungeon (9/15)             Temple (1/1) D:6
   Lair: D:8-11         Orc: D:9-12

Altars:
Ashenzari
Cheibriados
Dithmenos
Elyvilon
Fedhas
Gozag
Hepliaklqana
Kikubaaqudgha
Makhleb
Nemelex Xobeh
Okawaru
Qazlal
Ru
Sif Muna
Uskayaw
Vehumet
Wu Jian
Xom
Yredelemnul
Zin
The Shining One

Shops:
D:7 =

Annotations:
D:9 Grum


Innate Abilities, Weirdness & Mutations

You cannot wear most types of armour.
You are amphibious.
You can wear up to eight rings at the same time.
Your skin changes colour to match your surroundings (Stealth+).
Your rubbery body absorbs attacks. (AC +1, EV +1)
((You are camouflaged when in or above water. (Stealth+)))
You have tentacles for arms and can constrict up to eight enemies at once.


Message History

You constrict the orc warrior, but do no damage.
The orc warrior hits you with a +0 long sword.
You tentacle-slap the orc warrior but do no damage.
You tentacle-slap the orc warrior, but do no damage.
The orc warrior is moderately wounded.
You constrict the orc warrior, but do no damage.
The orc warrior is no longer more vulnerable to fire.
The orc warrior misses you.
You tentacle-slap the orc warrior but do no damage.
The orc warrior is moderately wounded.
You constrict the orc warrior, but do no damage.
The orc warrior hits you with a +0 long sword.
A protective cloak of flame settles atop you.
You constrict the orc warrior.
The orc warrior hits you with a +0 long sword!
You tentacle-slap the orc warrior. You squeeze the orc warrior.
The orc warrior is heavily wounded.
You constrict the orc warrior.
Grum hits you from afar with a -2 spear!
The orc warrior hits you with a +0 long sword!
The orc warrior is burned by your cloak of flames.
The orc warrior is almost dead.
You bludgeon the orc warrior!
You kill the orc warrior!
The wolf closely misses you.
Grum hits you from afar with a -2 spear.
You tentacle-slap the wolf. Your grab misses the wolf.
Your squeeze misses the wolf.
The wolf is lightly wounded.
The wolf barely misses you.
You tentacle-slap the wolf. You grab the wolf. You squeeze the wolf!
The wolf is almost dead.
You constrict the wolf. The wolf bites you.
Grum shouts, "Sparky!
Good boy!"
Grum hits you from afar with a -2 spear!
* * * LOW HITPOINT WARNING * * *
You bludgeon the wolf!
You kill the wolf!
Grum hits you from afar with a -2 spear!
You die...

....................
..h.................
.....g..............
....................
.............######
...h(h...h.###
.....(.##g.# .......
#h## ....... #@#
####### #.# #.# #.#
..# .## #


You could see Grum and 2 wolves.

Vanquished Creatures
  A two-headed ogre (D:8)
  A deep elf pyromancer (D:9)
  Pikel (D:9)
  Joseph (D:7)
  2 yaks
  Sigmund (D:5)
  A vampire (D:8)
  2 steam dragons
  2 acid dragons
  3 ice beasts
  3 orc warriors
  A wolf (D:9)
  An ogre (D:5)
  3 centaurs
  A lemure (D:9)
  A phantom (D:5)
  Blork the orc (D:5)
  3 kobold brigands
  A necrophage (D:7)
  4 bullfrogs
  3 scorpions
  10 killer bees (D:9)
  3 howler monkeys
  7 orc priests
  3 iguanas
  5 orc wizards
  12 gnolls
  3 adders (D:2)
  3 shadow imps
  2 white imps
  3 worms
  2 dart slugs
  31 orcs
  10 ball pythons
  7 bats
  10 endoplasms
  4 giant cockroaches
  4 goblins
  4 hobgoblins
  5 jackals
  4 quokkas
  2 frilled lizards
  17 kobolds
  4 rats
192 creatures vanquished.

Vanquished Creatures (others)
  22 foxfires (D:5)
  15 fungi (D:7)
  A plant (D:3)
38 creatures vanquished.

Grand Total: 230 creatures vanquished

Notes
Turn   | Place    | Note
-------+----------+-------------------------------------------
     0 | D:1      | Caratheodory the Octopode Cinder Acolyte began the quest
                  | for the Orb.
     0 | D:1      | Reached XP level 1. HP: 16/16 MP: 2/2
    85 | D:1      | Reached XP level 2. HP: 20/21 MP: 3/3
   518 | D:1      | Reached XP level 3. HP: 26/26 MP: 5/5
   652 | D:1      | Reached skill level 1 in Dodging
  1154 | D:2      | Reached skill level 1 in Air Magic
  1238 | D:2      | Learned a level 2 spell: Scorch
  1335 | D:2      | Reached XP level 4. HP: 22/31 MP: 0/6
  1995 | D:3      | Found a transporter.
  2076 | D:3      | Found a transporter.
  2785 | D:3      | Reached XP level 5. HP: 23/36 MP: 1/8
  3387 | D:4      | Reached XP level 6. HP: 36/43 MP: 4/9
  3471 | D:4      | Found a sparkling altar of Nemelex Xobeh.
  3481 | D:4      | Found a blossoming altar of Fedhas.
  3635 | D:5      | Entered Level 5 of the Dungeon
  4076 | D:5      | Reached XP level 7. HP: 48/48 MP: 6/11
  4253 | D:5      | Noticed Blork the orc
  4253 | D:5      | Noticed Sigmund
  4257 | D:5      | Killed Blork the orc
  4258 | D:5      | Killed Sigmund
  4428 | D:5      | Reached skill level 5 in Fighting
  4428 | D:5      | Reached skill level 5 in Unarmed Combat
  4428 | D:5      | Reached XP level 8. HP: 11/55 MP: 7/12
  5177 | D:6      | Found a glowing golden altar of the Shining One.
  5328 | D:6      | Found a staircase to the Ecumenical Temple.
  5347 | Temple   | Entered the Ecumenical Temple
  5471 | D:6      | Found a stormy altar of Qazlal.
  5758 | D:7      | Found Qide Jyw's One-of-a-Kind Rings.
  5778 | D:7      | Noticed Joseph
  6024 | D:7      | Reached skill level 5 in Dodging
  6223 | D:7      | Reached skill level 5 in Air Magic
  6223 | D:7      | Reached XP level 9. HP: 50/62 MP: 10/13
  6344 | D:7      | Learned a level 3 spell: Vhi's Electric Charge
  6354 | D:7      | Killed Joseph
  6546 | D:7      | Found a glowing silver altar of Zin.
  6941 | D:7      | Found a shimmering blue altar of Sif Muna.
  7057 | D:7      | Noticed a gargoyle
  7057 | D:7      | Noticed a troll
  8146 | D:8      | Found an opulent altar of Gozag.
  8168 | D:8      | Found a broken altar of Ashenzari.
  8179 | D:8      | Noticed a two-headed ogre
  8202 | D:8      | Killed a two-headed ogre
  8454 | D:8      | Found a radiant altar of Vehumet.
  8507 | D:8      | Reached XP level 10. HP: 39/71 MP: 8/14
  8633 | D:8      | Found a burning altar of Makhleb.
  8843 | D:8      | Found a hazy altar of Hepliaklqana.
  9052 | D:9      | Noticed Pikel
  9076 | D:9      | Killed Pikel
  9155 | D:9      | Noticed a skeletal warrior
  9431 | D:9      | Noticed a purple ugly thing
  9636 | D:9      | Noticed a five-headed hydra
  9738 | D:9      | Noticed a deep elf pyromancer
  9741 | D:9      | Killed a deep elf pyromancer
  9826 | D:9      | Noticed Grum
  9842 | D:9      | Slain by Grum

Illustrated notes

Levels and vault maps discovered:
D:1:      grunt_arrival_crossed_arrows, layout_basic,
          minmay_misc_feat_four_crosses, minmay_heptomino_l4
D:2:      layout_rooms, st_stairs_14
D:3:      gammafunk_wand_slinger, layout_basic
D:4:      layout_basic, mainiacjoe_overflow_alcove_2,
          mainiacjoe_overflow_surrounded_room
D:5:      layout_gridville, uniq_blork_the_orc, uniq_sigmund
D:6:      layout_cave_pools, old_standard_altar,
          nicolae_qazlal_scattered_showers, minmay_temple_entry_statues_pillars
D:7:      layout_loops_ring, mainiacjoe_overflow_six_doors_small,
          lemuel_round_altar, nicolae_shop_unique_rings,
          dreamdust_mushroom_princess, minivault_11, lightli_corner_chamber,
          uniq_joseph
D:8:      layout_basic, lemuel_crystal_altar, worldfamousw_hep_ancestral_shrine,
          cheibrodos_ashenzari_chains, marbit_many_paths,
          mainiacjoe_overflow_boulevard, sigmund_army
D:9:      minmay_the_grid_four_pointed_star_mashed
          [minmay_the_grid_triangle_9x9_skeleton,
          minmay_the_grid_triangle_9x9_cache,
          minmay_the_grid_triangle_9x9_from_above,
          minmay_the_grid_triangle_9x9_intruding_spiral,
          minmay_the_grid_prize_trominoes], layout_cave_pods, uniq_pikel,
          uniq_grum
Temple:   nicolae_temple_ecumenical_triangle

Skill      XL: |  1  2  3  4  5  6  7  8  9 10 |
---------------+-------------------------------+-----
Dodging        | 1 2 3 5 6 7 |  7.7
Air Magic      | 1 2 3 5 6 7 |  7.6
Spellcasting   | 2 3 |  3.0
Unarmed Combat | 4 5 6 7 8 |  8.4
Fighting       | 4 5 6 7 8 |  8.4
Transmutations | |  0.1
Fire Magic     | |  3.0

Action                   |  1- 3 |  4- 6 |  7- 9 | 10-12 || total
-------------------------+-------+-------+-------+-------++-------
Melee: Unarmed           |    70 |   109 |   145 |    87 ||   411
       Constrict         |    15 |    26 |    28 |     8 ||    77
       Tentacles         |    15 |    22 |    34 |    16 ||    87
       Punch             |       |     2 |    10 |     4 ||    16
Throw: Throwing net      |       |       |     2 |       ||     2
       Dart              |       |       |       |     6 ||     6
 Cast: Scorch            |     3 |    29 |    79 |    29 ||   140
       Vhi's Electric Ch |       |       |     6 |     5 ||    11
Invok: Fiery Armour      |       |       |     3 |     2 ||     5
       Foxfire Swarm     |       |       |     1 |       ||     1
       Rising Flame      |       |       |       |     1 ||     1
Evoke: Wand              |       |       |     8 |     4 ||    12
  Use: Scroll            |       |       |    14 |       ||    14
       Potion            |       |       |     1 |     1 ||     2
 Stab: Sleeping          |     6 |     5 |       |       ||    11
       Held in net/web   |       |       |     1 |       ||     1
Armor: Skin              |     7 |     2 |    13 |    16 ||    38
Dodge: Dodged            |    40 |    43 |    98 |    94 ||   275

Table legend: (Time is in decaauts)
 A = Elapsed time spent in this place.
 B = Non-inter-level travel time spent in this place.
 C = Inter-level travel time spent in this place.
 D = Time resting spent in this place.
 E = Time spent auto-exploring this place.
 F = Levels seen in this place.
 G = Mean time per level.
                   A        B        C        D        E       F      G
               +--------+--------+--------+--------+--------+-----+--------+
         Total |   9784 |   9562 |    222 |    335 |   7491 |  10 |  978.4 |
       Dungeon |   9740 |   9525 |    215 |    335 |   7460 |   9 | 1082.2 |
        Temple |     43 |     36 |      7 |      0 |     31 |   1 |   43.0 |
               +--------+--------+--------+--------+--------+-----+--------+

Top non-repeatable levels by time:
     D:7: 1811 daAuts
     D:8: 1527 daAuts
     D:5: 1357 daAuts
     D:1: 1140 daAuts
     D:3: 981 daAuts
     D:6: 880 daAuts
     D:2: 767 daAuts
     D:4: 734 daAuts
     D:9: 540 daAuts
  Temple: 43 daAuts
